 Dungeon Crawl Stone Soup version 0.26-a0-812-g31a745ddcd (webtiles) character file.

Game seed: 12604643364971560429

32465 kae the Transmogrifier (level 13, -6/140 HPs)
             Began as a Naga Transmuter on Nov 30, 2020.
             Was the Champion of Cheibriados.
             Mangled by a merfolk
             ... wielding a cursed +0 trident
              (13 damage)
             ... on level 2 of the Lair of Beasts.
             The game lasted 00:17:42 (18054 turns).

kae the Transmogrifier (Naga Transmuter)           Turns: 18054, Time: 00:17:43

Health: -6/140     AC:  8    Str: 40    XL:     13   Next: 64%
Magic:  19/20      EV: 17    Int: 29    God:    Cheibriados [******]
Gold:   383        SH:  5    Dex: 33    Spells: 3/22 levels left

rFire    x . .     SeeInvis +     - Unarmed
rCold    + + +     Faith    .   (shield currently unavailable)
rNeg     . . .     Spirit   .   (armour currently unavailable)
rPois    +         Reflect  +   (helmet currently unavailable)
rElec    .         Harm     .   (cloak currently unavailable)
rCorr    .         Rampage  .   (gloves currently unavailable)
MR       ++...                  (no barding)
Stlth    ++++......             G - amulet of reflection
HPRegen  0.33/turn              C - ring "Yrow" {rPois MR+ Str+2 Dex+6}
MPRegen  0.17/turn              K - +6 ring of strength

@: ice-form, mesmerised, very slow
A: large, see invisible, spit poison 1, AC +4
a: Spit Poison, End Transformation, Bend Time, Temporal Distortion, Slouch, Step
From Time, Renounce Religion


You were on level 2 of the Lair of Beasts.
You worshipped Cheibriados.
Cheibriados was exalted by your worship.
You were a creature of crystalline ice.
You visited 3 branches of the dungeon, and saw 14 of its levels.
You also visited: Ossuary and Bailey.

You collected 936 gold pieces.
You spent 553 gold pieces at shops.

Inventory:

Hand Weapons
 f - a +5 vampiric short sword
 y - the +0 demon blade of Gallantry (melded) {venom, *Noise Dex+4 SInv}
   (You found it in a bailey)

   It poisons the flesh of those it strikes.
   It affects your dexterity (+4).
   It lets you see invisible.
   It may make noises in combat.
Armour
 v - +0 steam dragon scales (melded)
 D - a +2 cloak of poison resistance (melded)
Jewellery
 a - an uncursed ring of protection from fire
 b - an uncursed ring of stealth
 c - an uncursed ring of protection from cold
 j - an uncursed ring of ice
 C - the ring "Yrow" (left front paw) {rPois MR+ Str+2 Dex+6}
   (You bought it in a shop on level 7 of the Dungeon)

   [ring of dexterity]

   It affects your strength (+2).
   It affects your dexterity (+6).
   It protects you from poison.
   It affects your resistance to hostile enchantments.
 G - an amulet of reflection (around neck)
 K - a +6 ring of strength (right front paw)
 P - the ring "Juabevo" {rPois MP+9 Str-2 Dex+3}
   (You bought it in a shop on level 7 of the Dungeon)

   [ring of magical power]

   It affects your strength (-2).
   It affects your dexterity (+3).
   It protects you from poison.
   It affects your magic capacity (+9).
 Q - an uncursed amulet of faith
 S - an uncursed ring of fire {unknown}
Wands
 r - a wand of digging (3)
 s - a wand of paralysis (14)
 t - a wand of acid (19)
 u - a wand of flame (45)
 F - a wand of disintegration (14)
 R - a wand of iceblast (6)
Scrolls
 d - 5 scrolls of teleportation
 l - 2 scrolls of blinking
 o - 2 scrolls of fear
 p - 5 scrolls of immolation
 x - 2 scrolls of identify
 z - 2 scrolls of amnesia
 I - 2 scrolls of magic mapping
 J - 4 scrolls of enchant armour
 L - a scroll of brand weapon
 M - a scroll of remove curse
 N - 2 scrolls of fog
 O - a scroll of enchant weapon
Potions
 e - 6 potions of attraction
 g - a potion of magic
 h - 3 potions of might
 i - 2 potions of haste
 k - 9 potions of curing
 m - 5 potions of brilliance
 n - a potion of invisibility
 q - 2 potions of lignification
 w - 3 potions of heal wounds
 A - 3 potions of berserk rage
 B - a potion of ambrosia
 E - 3 potions of mutation
 H - a potion of flight {unknown}
 T - a potion of resistance {unknown}


   Skills:
 - Level 8.0 Fighting
 - Level 7.0 Dodging
 + Level 3.6 Stealth
 + Level 12.8 Unarmed Combat
 - Level 5.2 Spellcasting
 * Level 14.2 Transmutations


You had 3 spell levels left.
You knew the following spells:

 Your Spells              Type           Power        Failure   Level
a - Beastly Appendage     Tmut           ######       1%          1
b - Spider Form           Tmut/Pois      #####.....   1%          3
c - Blade Hands           Tmut           ######....   1%          5
d - Ice Form              Ice/Tmut       #####...     3%          4
e - Statue Form           Tmut/Erth      #####....    45%         6

Your spell library contained the following spells:

 Spells                   Type           Power        Failure   Level
 Wereblood                Tmut           ######..     1%          2
 Confusing Touch          Hex            #.......     19%         3
 Gell's Gravitas          Tloc           #.........   19%         3
 Petrify                  Tmut/Erth      #####...     3%          4
 Yara's Violent Unravell  Hex/Tmut       #####.....   9%          5
 Leda's Liquefaction      Hex/Erth       #.........   52%         4
 Bolt of Magma            Conj/Fire/Erth #.........   86%         5
 Metabolic Englaciation   Hex/Ice        #.........   86%         5
 Iron Shot                Conj/Erth      #.........   100%        6
 Shatter                  Erth           #.........   100%        9


Dungeon Overview and Level Annotations

Branches:
Dungeon (11/15)            Temple (1/1) D:6            Lair (2/6) D:10
 Shoals (0/4) Lair:2          Orc (0/2) D:9         Ossuary (visited)
 Bailey (visited)
  Swamp: Lair:2-4     Snake: Lair:2-4    Spider: Lair:2-4

Altars:
Ashenzari
Cheibriados
Dithmenos
Elyvilon
Fedhas
Gozag
Hepliaklqana
Kikubaaqudgha
Makhleb
Nemelex Xobeh
Okawaru
Qazlal
Ru
Sif Muna
Trog
Uskayaw
Vehumet
Wu Jian
Xom
Yredelemnul
Zin
The Shining One

Shops:
D:6 (   D:7 *[(   D:9 [(=

Annotations:
D:9 3 runed translucent doors, MoonlitKnight's ghost, novice MiBe


Innate Abilities, Weirdness & Mutations

You cannot wear boots.
((Your serpentine skin is tough. (AC +4)))
You have supernaturally acute eyesight. (SInv)
((Armour fits poorly on your strangely shaped body.))
((Your system is resistant to poisons. (rPois)))
((You cover ground very slowly.))
You can spit poison.
((You can use your snake-like lower body to constrict enemies.))


Message History

The merfolk hits you from afar with a cursed +0 trident!
* * * LOW HITPOINT WARNING * * *
You pummel the merfolk!! You freeze the merfolk.
You kill the merfolk!
Cheibriados appreciates the change of pace.
The merfolk hits you but does no damage.
A merfolk siren comes into view. It is wielding a +0 spear.
The merfolk barely misses you.
The merfolk siren chants a haunting song.
You are mesmerised by the merfolk siren!
You see here a +0 trident.
You punch the merfolk! You freeze the merfolk.
The merfolk is moderately wounded.
The merfolk siren chants its luring song.
You block the merfolk's attack.
You hit the merfolk. You freeze the merfolk.
The merfolk is heavily wounded.
The merfolk siren chants its luring song.
The merfolk hits you with a cursed +0 trident!
You die...

.........###.#P.#.#.###
......................##
........#######.##...#.##
#..##PP## ####....#.#
....#### #......# ....#
#######....## ...P#
#..#.#......# ...###
#...)...>## ##.#.#
#mY..##P## #†.#
#..≈#.##### ##.## #.≈.###
#...### #..≈# #...#.#
#.≈≈ #P...#### #.#≈#
#....#..#.#.>≈
.......<..#.#m
.....####.#


You could see a merfolk and a merfolk siren (mesmerising).

Vanquished Creatures
  An orc warlord (Bailey)
  Josephine (D:11)
  A hydra (Lair:2)
  2 two-headed ogres
  Pikel (D:7)
  Maurice (D:11)
  Joseph (D:7)
  A torpor snail (Lair:2)
  2 cane toads
  Maggie (D:6)
  2 trolls
  2 merfolk (Lair:2)
  5 blink frogs (Lair:2)
  4 dream sheep (Lair:2)
  7 wraiths (D:11)
  A wyvern (D:10)
  Sigmund (D:3)
  4 basilisks
  19 yaks
  An acid dragon (D:11)
  6 water moccasins
  An ice beast (D:9)
  11 orc warriors
  2 necrophages
  5 black bears
  2 sky beasts
  4 ogres
  A phantom (D:5)
  11 wolves
  6 centaurs
  A lemure (D:7)
  An elf zombie (D:8)
  A big kobold (D:10)
  6 bullfrogs
  2 elf skeletons (D:8)
  A gnoll sergeant (D:8)
  18 scorpions
  12 killer bees
  4 bullfrog zombies
  3 human zombies
  4 centaur zombies (Ossuary)
  6 hounds
  2 jellies
  8 orc priests
  Ijyb (D:4)
  3 orc wizards
  Crazy Yiuf (D:7)
  2 centaur skeletons
  2 human skeletons (D:8)
  A bullfrog skeleton (D:5)
  Natasha (thrice) (D:3)
  3 iguanas
  7 worker ants
  A big kobold zombie (Ossuary)
  A hound zombie (D:4)
  3 hound skeletons
  3 howler monkey zombies
  3 mummies (Ossuary)
  Robin (D:2)
  5 gnolls (D:8)
  A howler monkey skeleton (D:4)
  11 adders
  2 scorpion zombies (Ossuary)
  5 shadow imps
  3 white imps
  3 ufetubi
  4 oozes
  3 adder zombies
  3 leopard geckos
  38 orcs
  A ball python (D:5)
  4 bats
  9 giant cockroaches
  3 gnoll zombies (Ossuary)
  17 goblins
  15 hobgoblins
  11 jackals
  25 kobolds
  4 quokkas
  3 frilled lizards
  A giant cockroach zombie (D:4)
  2 goblin zombies (Ossuary)
  3 hobgoblin zombies (Ossuary)
  A jackal zombie (D:4)
  A kobold zombie (Ossuary)
  A leopard gecko zombie (D:4)
  4 orc skeletons (D:8)
  3 orc zombies
  11 rats
408 creatures vanquished.

Vanquished Creatures (others)
  7 fungi
  15 plants
  A withered plant (D:4)
23 creatures vanquished.

Grand Total: 431 creatures vanquished

Notes
Turn   | Place    | Note
-------+----------+-------------------------------------------
     0 | D:1      | kae the Naga Transmuter began the quest for the Orb.
     0 | D:1      | Reached XP level 1. HP: 18/18 MP: 3/3
   210 | D:1      | Reached XP level 2. HP: 5/25 MP: 3/5
   983 | D:1      | Reached XP level 3. HP: 10/31 MP: 4/6
  2500 | D:2      | Reached XP level 4. HP: 36/38 MP: 7/7
  2524 | D:2      | Noticed Robin
  2534 | D:2      | Killed Robin
  2534 | D:2      | Reached skill level 3 in Transmutations
  2735 | D:2      | Learned a level 3 spell: Spider Form
  3318 | D:3      | Noticed Natasha
  3326 | D:3      | Killed Natasha
  3326 | D:3      | Reached XP level 5. HP: 11/45 MP: 6/8
  3830 | D:3      | Noticed Natasha
  4076 | D:3      | Killed Natasha
  4278 | D:3      | Noticed Natasha
  4292 | D:3      | Killed Natasha
  4728 | D:3      | Noticed Sigmund
  4738 | D:3      | Killed Sigmund
  4738 | D:3      | Reached skill level 4 in Transmutations
  4738 | D:3      | Reached XP level 6. HP: 50/55 MP: 3/10
  4928 | D:4      | Found an ornate altar of the Wu Jian Council.
  4928 | D:4      | Found a broken altar of Ashenzari.
  4933 | D:4      | Found a shimmering altar of Xom.
  5062 | D:4      | Noticed Ijyb
  5645 | D:4      | Reached XP level 7. HP: 58/61 MP: 8/11
  6046 | D:4      | Killed Ijyb
  6046 | D:4      | Reached skill level 5 in Unarmed Combat
  6082 | D:5      | Entered Level 5 of the Dungeon
  6599 | D:5      | Reached skill level 5 in Transmutations
  6682 | D:5      | Reached XP level 8. HP: 68/69 MP: 10/13
  6808 | D:5      | Found a white marble altar of Elyvilon.
  7518 | D:6      | Noticed Maggie
  7531 | D:6      | Killed Maggie
  7564 | D:6      | Reached skill level 6 in Transmutations
  7875 | D:6      | Reached XP level 9. HP: 46/78 MP: 12/15
  8081 | D:6      | Found Ijytel Qufu's Weapon Boutique.
  8221 | D:6      | Found a staircase to the Ecumenical Temple.
  8329 | Temple   | Entered the Ecumenical Temple
  8535 | Temple   | Became a worshipper of Cheibriados the Contemplative
  8554 | D:6      | Learned a level 5 spell: Blade Hands
  8559 | D:6      | Learned a level 4 spell: Ice Form
  8569 | D:7      | Found Kolurei's Assorted Antiques.
  8573 | D:7      | Noticed Joseph
  8584 | D:7      | Killed Joseph
  8644 | D:7      | Found Zeijot's Antique Armour Emporium.
  8648 | D:7      | Found Sutyku's Weapon Emporium.
  8708 | D:7      | Found a flagged portal.
  8718 | Bailey   | Entered a bailey
  8728 | Bailey   | Noticed an orc warlord
  8832 | Bailey   | Reached * piety under Cheibriados
  8930 | Bailey   | Reached skill level 7 in Transmutations
  8997 | Bailey   | Found a runed translucent gate.
  8999 | Bailey   | Found a runed translucent gate.
  9001 | Bailey   | Found a runed translucent gate.
  9645 | Bailey   | Killed an orc warlord
  9645 | Bailey   | Reached skill level 5 in Fighting
  9645 | Bailey   | Reached skill level 5 in Spellcasting
  9645 | Bailey   | Reached XP level 10. HP: 88/88 MP: 15/17
  9678 | Bailey   | Got an encrusted demon blade
  9684 | Bailey   | Identified the cursed +0 demon blade of Gallantry {venom,
                  | *Noise Dex+4 SInv} (You found it in a bailey)
  9721 | D:7      | Bought 3 lumpy brown potions for 91 gold pieces
  9721 | D:7      | Bought a purple potion for 30 gold pieces
  9721 | D:7      | Bought a steaming lapis lazuli ring for 170 gold pieces
  9721 | D:7      | Bought a scroll of identify for 68 gold pieces
  9727 | D:7      | Reached skill level 5 in Dodging
  9727 | D:7      | Reached skill level 10 in Unarmed Combat
  9727 | D:7      | Reached skill level 10 in Transmutations
  9727 | D:7      | Reached XP level 11. HP: 99/99 MP: 18/18
  9728 | D:7      | Reached skill level 11 in Transmutations
  9728 | D:7      | Reached XP level 12. HP: 109/109 MP: 19/19
  9736 | D:7      | Learned a level 6 spell: Statue Form
  9946 | D:7      | Reached ** piety under Cheibriados
 10768 | D:7      | Noticed Pikel
 10779 | D:7      | Killed Pikel
 11031 | D:7      | Found a runed translucent door.
 11032 | D:7      | Noticed Crazy Yiuf
 11038 | D:7      | Killed Crazy Yiuf
 11178 | D:8      | Found an ornate altar of the Wu Jian Council.
 11536 | D:8      | Found a sand-covered staircase.
 11563 | Ossuary  | Entered an ossuary
 11814 | Ossuary  | Reached *** piety under Cheibriados
 12350 | D:8      | Found a bloodstained altar of Trog.
 12464 | D:8      | Reached **** piety under Cheibriados
 13002 | D:8      | Identified the ring "Yrow" {rPois MR+ Str+2 Dex+6} (You
                  | bought it in a shop on level 7 of the Dungeon)
 13402 | D:9      | Reached ***** piety under Cheibriados
 13506 | D:9      | Found Eqepp's Antique Armour Emporium.
 13524 | D:9      | Noticed a two-headed ogre
 13530 | D:9      | Killed a two-headed ogre
 13530 | D:9      | Reached skill level 12 in Transmutations
 13572 | D:9      | Found a staircase to the Orcish Mines.
 13574 | D:9      | Found Jotyekhlo's Weapon Emporium.
 14027 | D:9      | Found Reniog's Jewellery Shoppe.
 14035 | D:9      | Bought a cursed amulet of inaccuracy for 24 gold pieces
 14203 | D:9      | Found a runed translucent gate.
 14203 | D:9      | Noticed a four-headed hydra
 14204 | D:9      | Found a runed translucent gate.
 14204 | D:9      | Found a runed translucent gate.
 14204 | D:9      | Found an opulent altar of Gozag.
 14204 | D:9      | Noticed MoonlitKnight's ghost (novice MiBe)
 14359 | D:7      | Bought a bound copper ring for 170 gold pieces
 14360 | D:7      | Identified the ring "Juabevo" {rPois MP+9 Str-2 Dex+3} (You
                  | bought it in a shop on level 7 of the Dungeon)
 14414 | D:10     | Entered Level 10 of the Dungeon
 14462 | D:10     | Found a staircase to the Lair.
 15043 | D:10     | Gained mutation: You can use your snake-like lower body to
                  | constrict enemies. [Naga growth]
 15043 | D:10     | Reached XP level 13. HP: 102/117 MP: 16/20
 15260 | D:10     | Reached skill level 13 in Transmutations
 15728 | D:11     | Found an opulent altar of Gozag.
 15864 | D:11     | Noticed Josephine
 15869 | D:11     | Killed Josephine
 15875 | D:11     | Reached ****** piety under Cheibriados
 15938 | D:11     | Noticed Maurice
 15946 | D:11     | Killed Maurice
 16265 | Lair:1   | Entered Level 1 of the Lair of Beasts
 17368 | Lair:2   | Reached skill level 1 in Stealth
 17606 | Lair:2   | Reached skill level 14 in Transmutations
 18043 | Lair:2   | Found a staircase to the Shoals.
 18050 | Lair:2   | HP: 6/140 [merfolk/cursed +0 trident (17)]
 18054 | Lair:2   | Mangled by a merfolk

Illustrated notes

Levels and vault maps discovered:
D:1:      lightli_arrival_flooded_house, layout_basic
D:2:      cheibrodos_helix_gallery, layout_basic, uniq_robin
D:3:      layout_basic, uniq_sigmund, uniq_natasha
D:4:      layout_loops_cross, grunt_temple_overflow_open, serial_undead,
          serial_undead_f, serial_undead_d, serial_undead_a, serial_undead_f,
          uniq_ijyb
D:5:      layout_loops_ring, basic_altar
D:6:      layout_rooms, temple_doors_e, serial_shops, nicolae_shop_crystal,
          glass_columns_a, uniq_maggie
D:7:      layout_loops_ring, enter_bailey_8, serial_shops, shop,
          nicolae_shop_overgrown_old_shop, shop_fountains, uniq_pikel,
          uniq_crazy_yiuf_cottage, uniq_joseph
D:8:      layout_loops_ring, kennysheep_little_box,
          nicolae_ossuary_entry_catacombs, basic_altar
D:9:      layout_loops_ring, orc_david_3, serial_shops, shop, shop,
          ebering_ghost_gozag
D:10:     layout_cave_pools, minmay_lair_entry_grove, serial_rivers,
          chequers_serial_rivers_micro_b, chequers_serial_rivers_micro_d,
          chequers_serial_rivers_micro_a, chequers_serial_rivers_small_3,
          chequers_serial_rivers_micro_d, chequers_serial_rivers_room_b
D:11:     layout_rooms, nicolae_gozag_seed_capital, uniq_josephine, uniq_maurice
Temple:   hc_temple_tempest_star
Lair:1:   layout_loops_ring, minivault_27, grunt_forest_large_clearing_hut
Lair:2:   layout_misc_corridors, elwin_shoals_entry_stream,
          chequers_serial_rivers_micro_d

Skill      XL: |  1  2  3  4  5  6  7  8  9 10 11 12 13 |
---------------+----------------------------------------+-----
Transmutations | 3 4 5 6 7 10 11 12 14 | 14.2
Dodging        | 2 3 4 5 6 7 |  7.0
Unarmed Combat | 4 5 6 8 10 11 12 | 12.8
Fighting       | 2 3 4 5 6 7 8 |  8.0
Spellcasting   | 3 4 5 |  5.2
Stealth        | 3 |  3.6

Action                   |  1- 3 |  4- 6 |  7- 9 | 10-12 | 13-15 || total
-------------------------+-------+-------+-------+-------+-------++-------
Melee: Unarmed           |   136 |    52 |   204 |   258 |   133 ||   783
       Headbutt          |    14 |    12 |       |       |       ||    26
       Punch             |     1 |     4 |     5 |    14 |     1 ||    25
       Short sword       |       |   114 |    53 |       |       ||   167
       Demon blade       |       |       |       |    94 |     1 ||    95
       Constrict         |       |       |       |       |     3 ||     3
 Cast: Beastly Appendage |    20 |    25 |       |       |       ||    45
       Spider Form       |       |     5 |    22 |       |       ||    27
       Ice Form          |       |       |     7 |    41 |    19 ||    67
       Blade Hands       |       |       |     1 |       |       ||     1
 Abil: Spit Poison       |     7 |     1 |     3 |     1 |       ||    12
Evoke: Wand              |       |       |    11 |       |       ||    11
  Use: Scroll            |     3 |    10 |     8 |     9 |     1 ||    31
       Potion            |       |     2 |     3 |     2 |       ||     7
 Stab: Sleeping          |       |     8 |     4 |     6 |       ||    18
       Paralysed         |       |       |     9 |       |       ||     9
       Distracted        |       |       |       |     2 |     1 ||     3
Armor: Robe              |    26 |    24 |     5 |       |       ||    55
       Skin              |       |     3 |    13 |    45 |    18 ||    79
       Steam dragon scal |       |       |    12 |    45 |       ||    57
Dodge: Dodged            |    84 |   108 |   236 |   256 |   103 ||   787
Block: Other             |       |       |       |    40 |    31 ||    71
       Reflection        |       |       |       |     3 |     1 ||     4
       Rpst.: Demon blade |       |       |       |    31 |     3 ||    34

Table legend: (Time is in decaauts)
 A = Elapsed time spent in this place.
 B = Non-inter-level travel time spent in this place.
 C = Inter-level travel time spent in this place.
 D = Time resting spent in this place.
 E = Time spent auto-exploring this place.
 F = Levels seen in this place.
 G = Mean time per level.
                   A        B        C        D        E       F      G
               +--------+--------+--------+--------+--------+-----+--------+
         Total |  25162 |  24201 |    961 |    797 |  19822 |  16 | 1572.6 |
       Dungeon |  19616 |  18784 |    832 |    367 |  15746 |  11 | 1783.3 |
        Temple |    305 |    262 |     43 |      0 |    260 |   1 |  305.0 |
          Lair |   3267 |   3181 |     86 |      0 |   2945 |   2 | 1633.5 |
       Ossuary |    771 |    771 |      0 |     16 |    558 |   1 |  771.0 |
        Bailey |   1201 |   1201 |      0 |    414 |    312 |   1 | 1201.0 |
               +--------+--------+--------+--------+--------+-----+--------+

Top non-repeatable levels by time:
     D:1: 2518 daAuts
     D:7: 2433 daAuts
     D:8: 2382 daAuts
  Lair:1: 1978 daAuts
    D:10: 1973 daAuts
     D:9: 1919 daAuts
     D:3: 1877 daAuts
     D:5: 1516 daAuts
     D:4: 1484 daAuts
  Lair:2: 1289 daAuts
     D:2: 1252 daAuts
  Bailey: 1201 daAuts
    D:11: 1147 daAuts
     D:6: 1111 daAuts
 Ossuary: 771 daAuts
